cohdb
Replays
Latest Replays
All Replays
Popular Replays
Top Player Replays
Match Explorer
How It Works
Community
CoH3 Stats
Reddit
Sign in to upload your games and track your stats! →
Sign in with Steam
Match 40885980
Unlisted
Match 40885980
Overview
Messages
Build Orders
End
Kradschützen Motorcycle Team
Selects Armored Support Battlegroup
Panzergrenadier Squad
250 Light Carrier
Construct Light Support Kompanie
Combat Half-tracks
Fire Support Elements
Selects Veteran Gunners
Veteran Squad Leaders
Panzerjäger Squad
Assault Mechanized Group
Selects Salvage Kits
Selects Panzer Storm
250 Light Carrier
Construct Panzerarmee Kommand
Emergency Repair Kits
豪师傅
秃鹫k
Ok.okokok
Sulq
zxcv
That guy
0
0
Comments
sign in to comment!
No comments posted yet!